 Dungeon Crawl Stone Soup version 0.17.1-2-g5865329 (webtiles) character file.

8 Glider the Insei (level 2, 0/18 HPs)
             Began as an Octopode Transmuter on Jan 28, 2016.
             Slain by a jackal (1 damage)
             ... on level 1 of the Dungeon.
             The game lasted 00:01:34 (225 turns).

Glider the Insei (Octopode Transmuter)               Turns: 225, Time: 00:01:36

Health: 0/18       AC:  1    Str:  9    XL:     2   Next: 8%
Magic:  5/5        EV: 11    Int: 15    God:
Gold:   40         SH:  3    Dex: 12    Spells: 2 memorised, 2 levels left

rFire  . . .     SeeInvis .     g - +0 mace
rCold  + . .     Clarity  .     e - +0 buckler {rC+}
rNeg   . . .     SustAt   .     (helmet restricted)
rPois  .         Gourm    .     (no amulet)
rElec  .         Spirit   .     (no ring)
rCorr  .         Warding  .     (no ring)
rMut   .         Stasis   .     (no ring)
MR     .....                    (no ring)
Stlth  +++.......               (no ring)
                                (no ring)
                                (no ring)
                                (no ring)

@: not resistant to hostile enchantments, fairly stealthy
A: almost no armour, amphibious, 8 rings, constrict 8, camouflage 1, gelatinous
body 1
a: no special abilities


You were on level 1 of the Dungeon.
You were not hungry.

You visited 1 branch of the dungeon, and saw 1 of its levels.

You collected 40 gold pieces.

Inventory:

Hand Weapons
 g - a +0 mace (weapon)
Missiles
 a - 12 arrows
 h - 7 poisoned tomahawks (quivered)
Armour
 e - a +0 buckler of cold resistance (worn)
Scrolls
 i - 2 scrolls of remove curse {unknown}
Books
 b - a book of Changes

   Spells                             Type                      Level
   a - Beastly Appendage              Transmutation                1
   b - Sticks to Snakes               Transmutation                2
   c - Spider Form                    Transmutation/Poison         3
   d - Ice Form                       Ice/Transmutation            4
   e - Blade Hands                    Transmutation                5
Comestibles
 c - a bread ration
 d - a beef jerky
 f - 5 chunks of flesh


   Skills:
 - Level 1.0 Fighting
 - Level 2.0 Dodging
 * Level 0.8 Stealth
 - Level 3.0 Unarmed Combat
 - Level 2.0 Spellcasting
 * Level 2.6 Transmutations


You had 2 spell levels left.
You knew the following spells:

 Your Spells              Type           Power        Failure   Level  Hunger
a - Beastly Appendage     Trmt           #.....       14%         1    #......
b - Sticks to Snakes      Trmt           #.........   21%         2    ###....


Dungeon Overview and Level Annotations

Branches:
Dungeon (1/15)

Altars:


Innate Abilities, Weirdness & Mutations

You cannot wear most types of armour.
You are amphibious.
You can wear up to eight rings at the same time.
You can use your tentacles to constrict eight enemies at once.
Your skin changes colour to match your surroundings (Stealth).
Your rubbery body absorbs attacks (AC +1).


Message History

The jackal is lightly wounded.
The jackal barely misses you. x2
The jackal bites you. The jackal misses you. The jackal bites you.
You hit the jackal. Your grab misses the jackal.
The jackal is moderately wounded.
The jackal bites you. x2
The jackal bites you but does no damage.
The jackal bites you. x3
* * * LOW HITPOINT WARNING * * *
The jackal barely misses you. The jackal barely misses you.
You hit the jackal. Your grab misses the jackal.
The jackal is moderately wounded.
You hit the jackal. Your grab misses the jackal.
Your squeeze misses the jackal.
The jackal is severely wounded.
The jackal bites you.
* * * LOW HITPOINT WARNING * * *
The jackal bites you.
You die...

.........##......................
........##..÷....................
............................#####
#.#..÷.##...................#
#.#..............##........##
#..÷.....................###
.........#.##.#...(......#
........##.# .###.#......####
.......###.##.#.@hh.........#####
..#......#......##h#..#.........#
..####.#.......# #....#.........#
..####......... ##...#.....#....
.......##..... ##........#....
...###.# ..... ###........# ..#
..## #.# ..... #..........# .#
..## #.# #...# #....>.....# ##
...# #.# # #......#####


You could see 3 jackals.

Vanquished Creatures
  2 bats (D:1)
  A goblin (D:1)
  A hobgoblin (D:1)
  A giant cockroach (D:1)
  A giant newt (D:1)
  2 rats (D:1)
8 creatures vanquished.

Notes
Turn   | Place    | Note
--------------------------------------------------------------
     0 | D:1      | Glider the Octopode Transmuter began the quest for the Orb.
     0 | D:1      | Reached XP level 1. HP: 13/13 MP: 3/3
   155 | D:1      | Reached XP level 2. HP: 18/18 MP: 5/5
   159 | D:1      | Learned a level 2 spell: Sticks to Snakes
   225 | D:1      | Slain by a jackal

Action                   || total
-------------------------++-------
Melee: Unarmed           ||    10
       Mace              ||    14
 Stab: Sleeping          ||     3
